 Dungeon Crawl Stone Soup version 0.27.0-1-g7a08968 (webtiles) character file.

Game seed: 16139593947395615715

23 BALLS the Slasher (level 2, -6/16 HPs)
             Began as a Vine Stalker Fighter on Jan 26, 2022.
             Mangled by Terence (8 damage)
             ... on level 2 of the Dungeon.
             The game lasted 00:01:42 (306 turns).

BALLS the Slasher (Vine Stalker Fighter)             Turns: 306, Time: 00:01:43

Health: -6/16      AC:  6    Str: 18    XL:     2   Next: 95%
Magic:  0/3        EV:  7    Int:  8    God:
Gold:   36         SH:  9    Dex: 13    Spells: 1/1 levels left

rFire    . . .     SeeInvis .   a - +0 long sword
rCold    . . .     Faith    .   c - +0 kite shield
rNeg     . . .     Spirit   +   b - +0 scale mail
rPois    .         Reflect  .   (no helmet)
rElec    .         Harm     .   (no cloak)
rCorr    .         Rampage  .   (no gloves)
Will     .....                  (no boots)
Stlth    ..........             (no amulet)
HPRegen  0.05/turn              (no ring)
MPRegen  0.08/turn              (no ring)

@: no status effects
A: fangs 2, magic shield, antimagic bite, no potion heal 2
a: no special abilities


You were on level 2 of the Dungeon.
You visited 1 branch of the dungeon, and saw 2 of its levels.

You collected 36 gold pieces.

Inventory:

Hand Weapons
 a - a +0 long sword (weapon)
Armour
 b - a +0 scale mail (worn)
 c - a +0 kite shield (worn)
Scrolls
 e - a scroll of amnesia {unknown}
Potions
 d - 2 potions of might


   Skills:
 - Level 2.6 Fighting
 + Level 3.0 Long Blades
 - Level 2.4 Armour
 - Level 2.6 Shields


You had one spell level left.
You didn't know any spells.
Your spell library was empty.

Dungeon Overview and Level Annotations

Branches:
Dungeon (2/15)

Altars:

Annotations:
D:2 Terence


Innate Abilities, Weirdness & Mutations

You have extremely sharp teeth.
When hurt, damage is shared between your health and your magic reserves.
Your bite disrupts and absorbs the magic of your enemies.
Potions cannot restore your health.


Message History

You slash the frilled lizard!
You kill the frilled lizard!
Terence shouts, "Now you die!"
You barely miss the kobold. The kobold closely misses you.
You riposte.
You hit the kobold.
You kill the kobold!
You hit Terence. You bite Terence, but do no damage.
Terence is lightly wounded.
Terence barely misses you.
You barely miss Terence. Your bite misses Terence.
Terence is lightly wounded.
Terence closely misses you. You block Terence's attack.
You completely miss Terence. Your bite misses Terence.
Terence is lightly wounded.
Terence hits you with a +0 flail.
You hit Terence but do no damage. You bite Terence, but do no damage.
Terence is lightly wounded.
Terence barely misses you. x2
You hit Terence but do no damage. You bite Terence, but do no damage.
Terence is lightly wounded.
Terence screams, "I'm going to kill you!"
Terence hits you with a +0 flail.
You hit Terence. You bite Terence, but do no damage.
Terence is lightly wounded.
Terence barely misses you. You block Terence's attack.
You hit Terence. You bite Terence. You drain his power.
You feel invigorated.
Terence is heavily wounded.
Terence hits you with a +0 flail!
You hit Terence but do no damage.
Terence is heavily wounded.
You block Terence's attack. Terence hits you with a +0 flail.
* * * LOW HITPOINT WARNING * * *
You closely miss Terence. You bite Terence, but do no damage.
Terence is heavily wounded.
Terence hits you with a +0 flail.
* * * LOW HITPOINT WARNING * * *
There is an open door here.
Terence hits you with a +0 flail!
Ouch! That really hurt!
You die...

####### ########## ......#
#........# ......# #........###
######### ......# #..........#
#........
......##########....#####........
..†...'....)...@@...'...'......>.
.....†#....#####....#####........
###'###....# #....# #######'#
#... #....# #....# #.#
#.....##...# #....# #######.#
.#...#.##..# ###### #.......#
8.8.8@8.##.# ####'####### ......
..#.# #.........# ...?... .+.#
#[........#


You could see Terence.

Vanquished Creatures
  A worm (D:2)
  A ball python (D:1)
  A giant cockroach (D:2)
  2 hobgoblins (D:2)
  3 jackals (D:2)
  A kobold (D:2)
  A quokka (D:2)
  5 bats (D:2)
  A frilled lizard (D:2)
  2 rats (D:2)
18 creatures vanquished.

Notes
Turn   | Place    | Note
-------+----------+-------------------------------------------
     0 | D:1      | BALLS the Vine Stalker Fighter began the quest for the Orb.
     0 | D:1      | Reached XP level 1. HP: 11/11 MP: 2/2
    62 | D:2      | Reached skill level 2 in Long Blades
   174 | D:2      | Reached XP level 2. HP: 16/16 MP: 3/3
   276 | D:2      | Noticed Terence
   288 | D:2      | Reached skill level 3 in Long Blades
   306 | D:2      | Mangled by Terence

Illustrated notes

Levels and vault maps discovered:
D:1:      psy_arrival_heroes, layout_loops_ring,
          dreamdust_ecumenical_altar_grove, minmay_rat_gold_closets
D:2:      layout_basic, dk_noncrumbling_3, uniq_terence

Skill      XL: |  1  2 |
---------------+-------+-----
Long Blades    | 2 3 |  3.0
Fighting       | |  2.6
Armour         | |  2.4
Shields        | |  2.6

Action                   || total
-------------------------++-------
Melee: Long sword        ||    55
       Bite              ||    15
Armor: Scale mail        ||    27
Dodge: Dodged            ||    30
Block: Kite shield       ||    38
       Rpst.: Long sword ||    13
